 Dungeon Crawl Stone Soup version 0.19-a0-1834-g6b7851e (webtiles) character file.

23471 junb69 the Fighter (level 13, -14/74 HPs)
             Began as a Vine Stalker Gladiator on Oct 8, 2016.
             Was an Elder of Ashenzari.
             Killed from afar by an orc sorcerer (36 damage)
             ... with a bolt of negative energy
             ... on level 1 of the Orcish Mines.
             The game lasted 00:38:33 (13801 turns).

junb69 the Fighter (Vine Stalker Gladiator)        Turns: 13801, Time: 00:38:34

Health: -14/74     AC: 16    Str: 18    XL:     13   Next: 6%
Magic:  0/19       EV: 19    Int: 10    God:    Ashenzari [****..]
Gold:   1120       SH:  0    Dex: 18    Spells: 1 memorised, 15 levels left

rFire  . . .     SeeInvis +     F - +3 battleaxe (curse)
rCold  . . .     Gourm    .     G - +0 scale mail (curse)
rNeg   . . .     Faith    .     (shield currently unavailable)
rPois  +         Spirit   +     g - +0 helmet (curse)
rElec  .         Dismiss  +     r - +2 cloak (curse)
rCorr  .         Reflect  .     y - +1 pair of gloves {archery} (curse)
MR     +....     Harm     .     (no boots)
Stlth  .......... Clarity  +    c - amulet of dismissal
                                H - +3 ring of evasion
                                l - ring of poison resistance

@: drained
A: fangs 3, regeneration 2, magic shield, antimagic bite, no device heal 3, rot
immunity
a: Curse Item, Scrying, Renounce Religion


You were on level 1 of the Orcish Mines.
You worshipped Ashenzari.
Ashenzari was greatly pleased with you.
You were not hungry.

You visited 5 branches of the dungeon, and saw 18 of its levels.
You also visited: Ossuary.

You collected 1292 gold pieces.
You spent 172 gold pieces at shops.

Inventory:

Hand Weapons
 F - a cursed +3 battleaxe (weapon)
Missiles
 d - 5 throwing nets (quivered)
Armour
 g - a cursed +0 helmet (worn)
 r - a cursed +2 cloak (worn)
 y - a cursed +1 pair of gloves of archery (worn)
 G - a cursed +0 scale mail (worn)
Jewellery
 c - an amulet of dismissal (around neck)
 l - a ring of poison resistance (left hand)
 n - an uncursed ring of protection from cold
 H - a +3 ring of evasion (right hand)
Wands
 m - a wand of acid (8/15)
 K - a wand of disintegration (8/24)
 O - a wand of lightning (6/15)
Scrolls
 e - 2 scrolls of teleportation
 h - 4 scrolls of magic mapping
 j - 5 scrolls of recharging
 k - a scroll of acquirement {unknown}
 p - 4 scrolls of amnesia
 s - 3 scrolls of fog
 t - a scroll of random uselessness {unknown}
 P - 4 scrolls of remove curse
 Q - a scroll of fear {unknown}
Potions
 b - a potion of invisibility {unknown}
 o - 8 potions of curing
 u - 2 potions of degeneration {unknown}
 v - a potion of haste {unknown}
 w - 4 potions of flight
 z - 2 potions of agility {unknown}
 A - a potion of heal wounds {unknown}
 B - 3 potions of berserk rage
 C - 3 potions of ambrosia
 L - 2 potions of mutation {unknown}
Books
 I - a book of Minor Magic

   Spells                             Type                      Level
   a - Magic Dart                     Conjuration                  1
   b - Blink                          Translocation                2
   c - Call Imp                       Summoning                    2
   d - Repel Missiles                 Charms/Air                   2
   e - Slow                           Hexes                        2
   f - Conjure Flame                  Conjuration/Fire             3
   g - Mephitic Cloud                 Conjuration/Poison/Air       3
 N - a book of Changes

   Spells                             Type                      Level
   a - Beastly Appendage              Transmutation                1
   b - Sticks to Snakes               Transmutation                2
   c - Spider Form                    Transmutation/Poison         3
   d - Ice Form                       Ice/Transmutation            4
   e - Blade Hands                    Transmutation                5
Comestibles
 a - 2 royal jellies
 f - 8 bread rations
 i - a slice of pizza
 q - 3 meat rations
 x - 11 beef jerkies
 D - 10 chunks of flesh
 J - 6 fruits


   Skills:
 * Level 11.4(10.6) Fighting
 - Level 8.4(11.9) Axes
 - Level 1.7(1.1) Throwing
 * Level 8.7(10.1) Armour
 - Level 8.2(9.6) Dodging
 * Level 3.3(2.6) Spellcasting
 - Level 3.5(2.7) Conjurations
 - Level 3.2(2.5) Air Magic
 - Level 3.1(2.4) Poison Magic


You had 15 spell levels left.
You knew the following spells:

 Your Spells              Type           Power        Failure   Level  Hunger
a - Mephitic Cloud        Conj/Pois/Air  #.......     82%         3    ####...


Dungeon Overview and Level Annotations

Branches:
Dungeon (11/15)            Temple (1/1) D:6            Lair (4/6) D:9
 Shoals (0/4) Lair:3        Snake (1/4) Lair:3          Orc (1/2) D:10

Altars:
Ashenzari
Cheibriados
Dithmenos
Elyvilon
Fedhas
Gozag
Hepliaklqana
Kikubaaqudgha
Makhleb
Nemelex Xobeh
Okawaru
Qazlal
Ru
Sif Muna
Trog
Uskayaw
Vehumet
Xom
Yredelemnul
Zin
The Shining One

Shops:
D:8 [   D:10 (   D:11 *

Annotations:
D:9 1 exclusion
Lair:2 exclusion: oklob plant
Lair:4 p0werm0de's ghost, journeyman VSEE
Orc:1 junb69's ghost, journeyman OpCj


Innate Abilities, Weirdness & Mutations

You have razor-sharp teeth.
You heal very quickly.
When hurt, damage is shared between your health and your magic reserves.
Your bite disrupts and absorbs the magic of your enemies.
Potions and wands cannot restore your health.
You are immune to rotting.


Message History

You barely miss the orc sorcerer. You bite the orc sorcerer.
The orc sorcerer's magic leaks into the air.
You drain its magic.
You feel invigorated.
The orc sorcerer is moderately wounded.
You slice the sixfirhy!! The sixfirhy hits you! The sixfirhy shocks you!
* * * LOW HITPOINT WARNING * * *
The sixfirhy hits you but does no damage.
The orc sorcerer barely misses you.
You hit the orc sorcerer but do no damage.
You bite the orc sorcerer, but do no damage.
The orc sorcerer is moderately wounded.
You hit the sixfirhy. The orc sorcerer barely misses you.
Unknown command.
You closely miss the orc sorcerer. Your bite misses the orc sorcerer.
The orc sorcerer is moderately wounded.
You closely miss the sixfirhy.
The sixfirhy hits you but does no damage.
The orc sorcerer gestures at you while chanting.
The bolt of negative energy hits you!
You feel drained.
You die...

,
...#................#*
,,
...........(.......# ,
..##......)......##
,,*#.....))[#(....#
*##....)<..##...# ,,
#...#..))###..## * ,
##.#....###....# *
###..##.##3..##
#...#*Wo@...#
##.###.##..## ###
#######


You could see a sixfirhy, an orc sorcerer, a battlesphere and junb69's ghost.

Vanquished Creatures
  Sonja (D:10)
  The ghost of brucemayne the Severer, a novice HOMo of the Shining One (D:11)
  An unseen horror (D:10)
  A hill giant (D:11)
  An orc knight (D:10)
  The ghost of junb69 the Carver, a novice OpGl of Dithmenos (D:6)
  A manticore (Lair:3)
  4 elephants (Lair:3)
  A black mamba (Lair:4)
  5 spiny frogs
  Psyche (D:10)
  The ghost of Zhenya24pyc the Cudgeler, a novice GrFi (Ossuary)
  A komodo dragon (Lair:3)
  3 trolls
  A slime creature (D:9)
  2 hornets
  3 blink frogs (Lair:3)
  A snapping turtle (Lair:3)
  4 hippogriffs
  13 yaks
  2 water elementals (D:11)
  4 wyverns
  2 hungry ghosts (D:11)
  4 wargs
  7 nagas (Lair:3)
  11 water moccasins
  6 porcupines
  11 orc warriors
  3 sky beasts
  3 black bears
  A phantom (D:10)
  5 ice beasts
  9 ogres
  5 centaurs
  3 crocodiles
  13 bullfrogs
  A gnoll sergeant (D:10)
  6 scorpions
  5 killer bees (D:7)
  2 howler monkeys
  11 wights
  7 electric eels (D:11)
  5 crimson imps
  4 bullfrog zombies
  2 quasits
  4 jellies
  3 hounds
  12 orc priests
  A centaur zombie (D:9)
  Crazy Yiuf (D:2)
  13 orc wizards
  2 centaur skeletons
  A bullfrog skeleton (D:11)
  4 iguanas
  5 worker ants
  A hound zombie (D:9)
  2 mummies (Ossuary)
  3 gnolls (D:10)
  8 adders
  3 shadow imps
  An ooze (D:2)
  2 worms (D:5)
  A dart slug (D:1)
  11 leopard geckos
  47 orcs
  4 bats
  2 giant cockroaches
  5 gnoll zombies (Ossuary)
  13 goblins
  6 hobgoblins
  14 jackals
  8 quokkas
  4 frilled lizards
  3 goblin zombies (Ossuary)
  3 hobgoblin zombies (Ossuary)
  11 kobolds
  3 orc zombies (Ossuary)
  A quokka zombie (D:6)
  7 rats
  3 fungi (Lair:3)
  A plant (Lair:3)
392 creatures vanquished.

Vanquished Creatures (others)
  An orc wizard (D:5)
  A leopard gecko (D:11)
  An orc (D:5)
  6 fungi
  6 plants
15 creatures vanquished.

Grand Total: 407 creatures vanquished

Notes
Turn   | Place    | Note
-------+----------+-------------------------------------------
     0 | D:1      | junb69 the Vine Stalker Gladiator began the quest for the Orb.
     0 | D:1      | Reached XP level 1. HP: 11/11 MP: 2/2
   171 | D:1      | Reached skill level 2 in Fighting
   271 | D:1      | Reached XP level 2. HP: 15/15 MP: 3/3
   724 | D:2      | Reached XP level 3. HP: 16/19 MP: 2/4
  1348 | D:2      | Gained mutation: Your natural rate of healing is unusually fast. [Vine Stalker growth]
  1348 | D:2      | Reached XP level 4. HP: 23/23 MP: 5/5
  1469 | D:2      | Reached skill level 3 in Fighting
  1746 | D:2      | Found a runed door.
  1750 | D:2      | Noticed Crazy Yiuf
  1757 | D:2      | Killed Crazy Yiuf
  1858 | D:3      | Found a faded altar of an unknown god.
  1906 | D:3      | Noticed an ice beast
  1916 | D:3      | Killed an ice beast
  1916 | D:3      | Reached XP level 5. HP: 19/29 MP: 3/6
  2549 | D:4      | Noticed an ogre
  2554 | D:4      | Killed an ogre
  2554 | D:4      | Reached skill level 4 in Fighting
  2554 | D:4      | Reached XP level 6. HP: 33/33 MP: 7/7
  3024 | D:5      | Entered Level 5 of the Dungeon
  3058 | D:5      | Found a sand-covered staircase.
  3086 | D:5      | Reached skill level 5 in Axes
  3124 | Ossuary  | Entered an ossuary
  3215 | Ossuary  | Noticed Zhenya24pyc's ghost (novice GrFi)
  3239 | Ossuary  | Killed Zhenya24pyc's ghost
  3239 | Ossuary  | Reached skill level 5 in Fighting
  3239 | Ossuary  | Reached XP level 7. HP: 39/39 MP: 6/8
  3590 | D:5      | Reached skill level 6 in Fighting
  3590 | D:5      | Gained mutation: You have razor-sharp teeth. [Vine Stalker growth]
  3590 | D:5      | Reached XP level 8. HP: 14/44 MP: 9/9
  4412 | D:6      | Noticed junb69's ghost (novice OpGl)
  4438 | D:6      | Killed junb69's ghost
  4438 | D:6      | Reached skill level 7 in Fighting
  4475 | D:6      | Reached XP level 9. HP: 42/50 MP: 10/10
  4510 | D:6      | Found a staircase to the Ecumenical Temple.
  4516 | Temple   | Entered the Ecumenical Temple
  4567 | Temple   | Became a worshipper of Ashenzari the Shackled
  4662 | D:6      | Got the cursed ring mail "Koedd" {MR++ Str-4 SInv}
  5132 | D:7      | Noticed a hornet
  5145 | D:7      | Killed a hornet
  5145 | D:7      | Reached skill level 8 in Fighting
  5482 | D:7      | Reached skill level 1 in Armour
  5902 | D:7      | Reached * piety under Ashenzari
  6685 | D:8      | Reached XP level 10. HP: 18/56 MP: 3/11
  6967 | D:8      | Reached skill level 5 in Dodging
  7217 | D:8      | Found Luemn's Antique Armour Shop.
  7222 | D:8      | Bought a glowing scale mail for 124 gold pieces
  7232 | D:8      | Identified the cursed +0 ring mail "Koedd" {MR++ Str-4 SInv} (You found it on level 6 of the Dungeon)
  7693 | D:9      | Identified the +7 rapier "Liqiow" {freeze, rN+ Int+3}
  7760 | D:9      | Found a staircase to the Lair.
  8127 | D:9      | Reached skill level 5 in Armour
  8201 | D:9      | Noticed a deep elf mage
  8208 | D:9      | Noticed a hill giant
  8246 | D:9      | Reached ** piety under Ashenzari
  8404 | D:9      | Learned a level 3 spell: Mephitic Cloud
  8694 | D:9      | Reached skill level 9 in Fighting
  8898 | D:9      | Reached XP level 11. HP: 62/62 MP: 12/12
  9031 | Lair:1   | Entered Level 1 of the Lair of Beasts
  9774 | Lair:2   | Noticed a six-headed hydra
  9847 | Lair:2   | Reached skill level 10 in Fighting
 10045 | Lair:2   | Reached *** piety under Ashenzari
 10090 | Lair:2   | Noticed an oklob plant
 10293 | Lair:3   | Noticed a manticore
 10455 | Lair:3   | Killed a manticore
 10496 | Lair:3   | Found a staircase to the Shoals.
 10587 | Lair:3   | Gained mutation: You heal very quickly. [Vine Stalker growth]
 10587 | Lair:3   | Reached XP level 12. HP: 36/69 MP: 11/13
 10863 | Lair:3   | Found a staircase to the Snake Pit.
 11425 | Lair:3   | Reached skill level 11 in Fighting
 11458 | Snake:1  | Entered Level 1 of the Snake Pit
 11458 | Snake:1  | Noticed a shock serpent
 11458 | Snake:1  | Noticed a naga warrior
 11632 | Lair:4   | Noticed p0werm0de's ghost (journeyman VSEE)
 11755 | D:10     | Entered Level 10 of the Dungeon
 11885 | D:10     | Found a staircase to the Orcish Mines.
 11892 | D:10     | Reached skill level 1 in Air Magic
 11918 | D:10     | Found Zumeyj's Weapon Shop.
 11973 | D:10     | Reached skill level 1 in Conjurations
 12006 | D:10     | Reached skill level 1 in Poison Magic
 12355 | D:10     | Noticed Sonja
 12364 | D:10     | Killed Sonja
 12406 | D:10     | Noticed Psyche
 12420 | D:10     | Killed Psyche
 12589 | D:11     | Found Duopucerr's General Store.
 12679 | D:11     | Bought a scroll of identify for 24 gold pieces
 12682 | D:11     | Bought a scroll of identify for 24 gold pieces
 12781 | D:11     | Noticed brucemayne's ghost (novice HOMo)
 12782 | D:11     | Identified the +2 ring mail of the Slug {+Fly}
 12790 | D:11     | Killed brucemayne's ghost
 12790 | D:11     | Reached skill level 1 in Spellcasting
 13055 | D:11     | Reached **** piety under Ashenzari
 13362 | Orc:1    | Entered Level 1 of the Orcish Mines
 13610 | D:10     | Reached XP level 13. HP: 64/74 MP: 14/18
 13789 | Orc:1    | Noticed junb69's ghost (journeyman OpCj)
 13801 | Orc:1    | Killed from afar by an orc sorcerer

Vault maps used:
D:1:      sevenhm_arrival_forest_fort_large_4, minmay_octomino_e4
D:2:      uniq_crazy_yiuf_cottage
D:3:      ecumenical_altar_2
D:4:      kennysheep_spiral_hall, uniq_edmund
D:5:      enter_ossuary_1, first_bread, sigmund_army
D:8:      serial_shops, kennysheep_little_box, grunt_ogre_cave
D:9:      kennysheep_windowed_halls, erik_lair_orcish_takeover, nrook_uturn,
          minmay_misc_feat_tiny
D:10:     orc_david_3, uniq_sonja, uniq_psyche
D:11:     serial_shops, nicolae_shop_waterfront
Temple:   kilobyte_greek_temple
Lair:1:   grunt_forest_small_clearings
Lair:2:   grunt_megastairs_3, bh_autumn_forest_stairs
Lair:3:   minmay_shoals_entry_beasts, minmay_snake_entry_guardpost_large
Lair:4:   beast_lair_carwin_large_3, forest_entry_grove
Snake:1:  serial_bayou_ford_a, st_stairs_14, serial_bayou_lagoon_a,
          hangedman_snake_sidewinding, uniq_aizul
Ossuary:  minmay_ossuary_gauntlet

Skill      XL: |  1  2  3  4  5  6  7  8  9 10 11 12 13 |
---------------+----------------------------------------+-----
Fighting       | 2 3 4 5 6 7 8 9 10 11 | 11.4
Axes           | 3 4 5 6 7 8 |  8.4
Armour         | 3 5 7 8 |  8.7
Dodging        | 4 6 7 8 |  8.2
Air Magic      | 3 |  3.2
Conjurations   | 3 |  3.5
Poison Magic   | 3 |  3.1
Spellcasting   | 2 3 |  3.3
Throwing       | |  1.7

Action                   |  1- 3 |  4- 6 |  7- 9 | 10-12 | 13-15 || total
-------------------------+-------+-------+-------+-------+-------++-------
Melee: War axe           |    70 |   172 |   302 |    30 |       ||   574
       Bite              |    13 |    53 |   109 |   288 |    18 ||   481
       Battleaxe         |       |       |       |   764 |    49 ||   813
Throw: Throwing net      |       |     3 |       |       |       ||     3
Invok: Curse Item        |       |       |     2 |     2 |       ||     4
Evoke: Wand              |       |       |       |    12 |       ||    12
  Use: Potion            |       |     2 |       |       |       ||     2
       Scroll            |       |     1 |     6 |    13 |     2 ||    22
 Stab: Held in net/web   |       |     3 |       |       |       ||     3
  Eat: Chunk             |     1 |     7 |     8 |    26 |     1 ||    43
       Royal jelly       |       |       |     1 |       |       ||     1
       Pizza             |       |       |     1 |       |       ||     1
Armor: Leather armour    |    13 |    43 |    30 |       |       ||    86
       Skin              |       |    16 |       |       |       ||    16
       Ring mail         |       |       |    59 |    12 |       ||    71
       Scale mail        |       |       |       |   262 |    13 ||   275
Dodge: Dodged            |    51 |   103 |   201 |   754 |    67 ||  1176
